Map: Terrasses de Prion

Players

Worming - Winner!

  • Race: Zerg Zerg
  • League: Diamond

Tex

  • Race: Zerg Zerg
  • League: Diamond

VOD

Have the link to the VOD?

Description

Time

  • Played on: Dec. 21, 2015, 11:49 a.m.
  • Length: 10:45
Show
View Real Time Build Order
Export as new Build Order

Worming Zerg - Winner!

Build Orders: Pool First 

Get SALT Encoding   

  12  0:01  Drone  
  13  0:12  Overlord  
  13  0:17  Drone  
  14  0:30  Drone x2  
  16  0:37  Drone  
  17  0:46  Spawning Pool  
  17  0:48  Drone  
  17  1:09  Hatchery  
  16  1:13  Drone  
  17  1:24  Drone, Overlord, Extractor  
  17  1:29  Drone  
  18  1:37  Queen  
  20  1:40  Zergling x2  
  21  1:51  Drone  
  22  2:04  Drone  
  23  2:13  Queen  
  25  2:20  Drone  
  26  2:29  Drone x2  
  28  2:41  Queen  
  28  2:43  Spine Crawler  
  28  2:48  Queen, Spine Crawler  
  28  2:49  Baneling Nest  
  28  2:53  Metabolic Boost  
  28  2:57  Zergling x2  
  28  3:31  Zergling x14  
  35  3:41  Spine Crawler  
  34  3:44  Evolution Chamber  
  34  3:46  Baneling x2  
  34  3:48  Zergling x4  
  35  4:01  Zergling x10  
  30  4:08  Zergling x2  
  31  4:15  Zerg Ground Armor Level 1  
  31  4:18  Overlord  
  30  4:31  Baneling x2  
  25  4:32  Zergling x4  
  27  4:41  Baneling x2  
  27  4:42  Zergling x2  
  28  4:53  Hatchery  
  22  5:26  Zergling x12  
  26  5:28  Queen  
  27  5:43  Overlord  
  27  5:44  Baneling x2  
  27  5:50  Baneling x2  
  25  6:10  Zergling x8  
  25  6:20  Zergling x2  
  25  6:21  Zergling x2  
  27  6:31  Zergling x10  
  28  6:41  Queen  
  30  6:52  Baneling x2  
  30  6:53  Baneling x2  
  28  6:55  Drone x2  
  28  6:56  Extractor  
  28  7:01  Baneling  
  29  7:11  Drone x4  
  29  7:15  Zergling x6  
  34  7:27  Zergling x6  
  19  7:53  Drone  
  19  7:54  Drone x3  
  19  7:55  Zergling x4  
  25  8:06  Zergling x4  
  25  8:07  Zergling x4  
  29  8:16  Baneling x2  
  29  8:22  Zerg Melee Weapons Level 1  
  25  8:49  Zergling x4  
  25  8:50  Zergling x12  
  29  9:07  Overlord  
  29  9:14  Baneling x3  
  29  9:17  Drone  
  30  9:40  Zergling x8  
  30  9:41  Zergling x10  
  30  9:44  Baneling  
  32  10:15  Baneling x2  
  31  10:23  Zergling x12  
  31  10:27  Baneling x2  
Show
View Real Time Build Order
Export as new Build Order

Tex Zerg 

Build Orders: Pool First, Zergling Baneling 

Get SALT Encoding   

  12  0:02  Drone  
  13  0:09  Drone  
  14  0:14  Extractor  
  14  0:15  Drone  
  14  0:32  Spawning Pool  
  13  0:36  Drone  
  14  0:46  Overlord  
  14  0:52  Extractor  
  14  0:54  Drone  
  15  1:05  Drone x2  
  15  1:10  Drone  
  18  1:18  Metabolic Boost  
  18  1:27  Queen  
  20  1:34  Drone  
  21  1:53  Hatchery  
  20  1:56  Zergling x2  
  21  2:02  Overlord  
  21  2:06  Zergling x2  
  22  2:15  Baneling Nest  
  21  2:16  Zergling x2  
  23  2:22  Zergling x2  
  23  2:31  Zergling x2  
  23  2:36  Zergling x6  
  27  2:48  Zergling x2  
  27  2:49  Queen  
  30  2:56  Overlord  
  30  2:58  Baneling  
  30  2:59  Baneling  
  29  3:17  Zergling x2  
  29  3:18  Zergling x10  
  31  3:33  Zergling x2  
  31  3:34  Zergling x2  
  31  3:39  Baneling x2  
  31  3:40  Zergling x4  
  34  4:01  Zergling x6  
  35  4:07  Zergling x6  
  35  4:08  Zergling x6  
  38  4:12  Baneling  
  36  4:17  Drone  
  36  4:23  Drone  
  36  4:24  Baneling x2, Drone  
  34  4:25  Baneling  
  34  4:29  Zergling x2  
  34  4:30  Zergling x2  
  35  4:34  Baneling x2  
  35  4:35  Baneling  
  35  4:44  Zergling x4  
  37  4:48  Overlord  
  36  4:58  Zergling x6  
  34  5:16  Zergling x8  
  31  5:30  Zergling x8  
  35  5:38  Zergling x4  
  35  5:42  Drone  
  38  5:43  Drone  
  38  5:47  Baneling x4  
  39  5:52  Drone x3  
  40  6:07  Zergling x2  
  40  6:08  Zergling x6  
  37  6:12  Baneling  
  37  6:14  Zergling x4  
  37  6:17  Drone  
  40  6:19  Zergling x2  
  40  6:38  Zergling x10  
  40  6:41  Baneling x2  
  40  6:48  Zergling x6  
  40  6:52  Zergling x8  
  44  6:59  Drone  
  44  7:00  Drone  
  46  7:06  Roach Warren  
  45  7:10  Baneling x3  
  45  7:11  Baneling  
  35  7:47  Zergling x2  
  35  7:48  Zergling x28  
  44  8:02  Drone x2  
  44  8:03  Lair  
  46  8:07  Drone x2  
  46  8:08  Extractor  
  46  8:10  Extractor  
  46  8:17  Baneling  
  46  8:18  Baneling x2  
  46  8:19  Baneling x3  
  46  8:20  Drone x2  
  38  8:36  Zergling x2  
  38  8:37  Zergling x10  
  43  8:46  Zergling x4  
  44  8:54  Extractor  
  44  8:55  Drone  
  43  9:01  Drone  
  43  9:02  Drone x2, Zergling x4  
  48  9:03  Zergling x2  
  49  9:19  Hatchery  
  45  9:38  Spire  
  44  9:43  Drone x5  
  44  9:44  Zergling x4  
  44  9:45  Baneling x2  
  51  9:46  Baneling  
  51  9:49  Drone  
  51  10:05  Overlord  
  48  10:15  Zergling x2  
  48  10:16  Zergling x6  
  48  10:19  Zergling x4  
  47  10:22  Zergling x4  
  47  10:25  Zergling x4  
  47  10:26  Zergling x4  
Tags
 
Add a new tag
Caveats
  • Supply blocks, unpowered buildings, or Contaminate may cause inaccurate times.
  • Supply counts are checked every 10 seconds.